MLB
PITTSBURGH PIRATES @ SAN DIEGO PADRES
05/16/2098
 
TOP OF THE 1ST
Pittsburgh Pirates batting - Pitching for San Diego Padres : RHP Jamal Grasty
Pitching: RHP Jamal Grasty
Batting: RHB Randy Wilson 0-0: Ball
1-0: Foul Ball, location: 23F
1-1: Called Strike
1-2: Ball
2-2: Foul Ball, location: 9LDF
2-2: Ground out 6-3 (Groundball, 56, EV 86.3 MPH)
Batting: RHB Zachary Gugliotta 0-0: Ball
1-0: Fly out, F3 (Popup, 34, EV 61.3 MPH)
Batting: SHB Akira Nagata 0-0: Swinging Strike
0-1: Foul Ball, location: 3F
0-2: Ball
1-2: Foul Ball, location: 7LSF
1-2: Foul Ball, location: 3F
1-2: Strikes out swinging
Top of the 1st over - 0 runs, 0 hits, 0 errors, 0 left on base; Pittsburgh 0 - San Diego 0
BOTTOM OF THE 1ST
San Diego Padres batting - Pitching for Pittsburgh Pirates : LHP Mike Rutherford
Pitching: LHP Mike Rutherford
Batting: RHB Alfredo Beltran 0-0: DOUBLE (Line Drive, 7LS, EV 110.6 MPH)
Batting: RHB Jose Barillas 0-0: Ball
1-0: Called Strike
1-1: Ground out 6-3 (Groundball, 6, EV 110.6 MPH)
Batting: RHB Tony Merkin 0-0: Foul Ball, location: 23F
0-1: Ball
1-1: Ball
2-1: Called Strike
2-2: Foul Ball, location: 2F
2-2: SINGLE (Line Drive, 56D, EV 106.9 MPH)
Alfredo Beltran to third
Runner from 3rd tries for Home, SAFE, throw by LF to home
Batting: RHB Chris Santos 0-0: Ball
1-0: Ball
2-0: Called Strike
2-1: Foul Ball, location: 9LMFF
2-2: Grounds into double play, 4-6-3 (Groundball, 4, EV 83.8 MPH)
Bottom of the 1st over - 1 run, 2 hits, 0 errors, 0 left on base; Pittsburgh 0 - San Diego 1
TOP OF THE 2ND
Pittsburgh Pirates batting - Pitching for San Diego Padres : RHP Jamal Grasty
Batting: RHB Joey Noles 0-0: Ball
1-0: Ball
2-0: Called Strike
2-1: Ball
3-1: Fly out, F8 (Flyball, 8RXD, EV 94.4 MPH)
Batting: RHB Raul Munoz 0-0: Foul Ball, location: 2F
0-1: DOUBLE (Line Drive, 89XD, EV 109.4 MPH)
Batting: LHB Todd Schuller 0-0: Swinging Strike
0-1: Foul Ball, location: 2F
0-2: Ball
1-2: Ball
2-2: Foul Ball, location: 7LDF
2-2: Foul Ball, location: 7LSF
2-2: Ball
3-2: Fly out, F8 (Flyball, 8RD, EV 109.4 MPH)
Batting: RHB Alex Velazquez 0-0: Ground out 5-3 (Groundball, 56S, EV 69.4 MPH)
Top of the 2nd over - 0 runs, 1 hit, 0 errors, 1 left on base; Pittsburgh 0 - San Diego 1
BOTTOM OF THE 2ND
San Diego Padres batting - Pitching for Pittsburgh Pirates : LHP Mike Rutherford
Batting: RHB Tony Woody 0-0: Called Strike
0-1: Foul Ball, location: 23F
0-2: Ball
1-2: Foul Ball, location: 23F
1-2: Ground out 6-3 (Groundball, 6, EV 85.0 MPH)
Batting: RHB Anibal Araldes 0-0: Ball
1-0: Ball
2-0: Ground out 6-3 (Groundball, 6, EV 81.9 MPH)
Batting: RHB Colby Krant 0-0: Foul Ball, location: 5FF
0-1: Foul Ball, location: 2F
0-2: Foul Ball, location: 2F
0-2: Ball
1-2: Ball
2-2: Ball
3-2: SINGLE (Line Drive, 9S, EV 85.6 MPH)
Batting: RHB Bill Carlisle 0-0: Ball
1-0: Called Strike
1-1: Swinging Strike
1-2: Fly out, F7 (Line Drive, 7D, EV 89.4 MPH)
Bottom of the 2nd over - 0 runs, 1 hit, 0 errors, 1 left on base; Pittsburgh 0 - San Diego 1
TOP OF THE 3RD
Pittsburgh Pirates batting - Pitching for San Diego Padres : RHP Jamal Grasty
Batting: RHB Verner Johannsen 0-0: Ball
1-0: Foul Ball, location: 25F
1-1: Called Strike
1-2: Ground out 6-3 (Groundball, 6S, EV 68.8 MPH)
Batting: RHB Jeremiah Coleman 0-0: Called Strike
0-1: SINGLE (Groundball, 6MD, EV 103.1 MPH)
Pitching: LHP Robert Bartos
Batting: RHB Randy Wilson 0-0: Swinging Strike
0-1: Ball
1-1: Grounds into double play, 6-4-3 (Groundball, 6, EV 88.1 MPH)
Top of the 3rd over - 0 runs, 1 hit, 0 errors, 0 left on base; Pittsburgh 0 - San Diego 1
BOTTOM OF THE 3RD
San Diego Padres batting - Pitching for Pittsburgh Pirates : LHP Mike Rutherford
Batting: LHB R.J. Correll 0-0: Ball
1-0: Swinging Strike
1-1: Ground out 4-3 (Groundball, 4, EV 78.1 MPH)
Batting: RHB Alfredo Beltran 0-0: Called Strike
0-1: Fly out, F9 (Flyball, 9S, EV 74.4 MPH)
Batting: RHB Jose Barillas 0-0: Ball
1-0: Called Strike
1-1: Ball
2-1: Fly out, F7 (Flyball, 7, EV 79.4 MPH)
Bottom of the 3rd over - 0 runs, 0 hits, 0 errors, 0 left on base; Pittsburgh 0 - San Diego 1
TOP OF THE 4TH
Pittsburgh Pirates batting - Pitching for San Diego Padres : LHP Robert Bartos
Batting: RHB Zachary Gugliotta 0-0: Ball
1-0: Ball
2-0: Foul Ball, location: 9LSF
2-1: Fly out, F4 (Popup, 34D, EV 51.9 MPH)
Batting: SHB Akira Nagata 0-0: Called Strike
0-1: Foul Ball, location: 2F
0-2: Ball
1-2: Foul Ball, location: 2F
1-2: Fly out, F7 (Line Drive, 78M, EV 93.8 MPH)
Batting: RHB Joey Noles 0-0: Ball
1-0: Foul Ball, location: 2F
1-1: Ball
2-1: Ball
3-1: Base on Balls
Batting: RHB Raul Munoz 0-0: Called Strike
0-1: Ball
1-1: SINGLE (Line Drive, 9S, EV 91.9 MPH)
Joey Noles to second
Runner from 2nd tries for 3rd, SAFE, throw by RF made to third
Batting: LHB Todd Schuller 0-0: Called Strike
0-1: Ball
1-1: Swinging Strike
1-2: Strikes out swinging
Top of the 4th over - 0 runs, 1 hit, 0 errors, 2 left on base; Pittsburgh 0 - San Diego 1
BOTTOM OF THE 4TH
San Diego Padres batting - Pitching for Pittsburgh Pirates : LHP Mike Rutherford
Batting: RHB Tony Merkin 0-0: Ball
1-0: Foul Ball, location: 2F
1-1: Ball
2-1: Ball
3-1: Fly out, F7 (Flyball, 78S, EV 90.6 MPH)
Batting: RHB Chris Santos 0-0: Swinging Strike
0-1: Foul Ball, location: 9LSF
0-2: Ball
1-2: Ball
2-2: Fly out, F8 (Flyball, 8LXD, EV 94.4 MPH)
Batting: RHB Tony Woody 0-0: Ball
1-0: Foul Ball, location: 2F
1-1: Ball
2-1: Fly out, F8 (Line Drive, 89M, EV 86.9 MPH)
Bottom of the 4th over - 0 runs, 0 hits, 0 errors, 0 left on base; Pittsburgh 0 - San Diego 1
TOP OF THE 5TH
Pittsburgh Pirates batting - Pitching for San Diego Padres : LHP Robert Bartos
Batting: RHB Alex Velazquez 0-0: Ball
1-0: Fly out, F8 (Flyball, 8LD, EV 80.6 MPH)
Batting: RHB Verner Johannsen 0-0: Swinging Strike
0-1: Fly out, F7 (Flyball, 7LM, EV 93.1 MPH)
Batting: RHB Jeremiah Coleman 0-0: Ball
1-0: Ball
2-0: Called Strike
2-1: Foul Ball, location: 2F
2-2: Strikes out looking
Top of the 5th over - 0 runs, 0 hits, 0 errors, 0 left on base; Pittsburgh 0 - San Diego 1
BOTTOM OF THE 5TH
San Diego Padres batting - Pitching for Pittsburgh Pirates : LHP Mike Rutherford
Batting: RHB Anibal Araldes 0-0: Called Strike
0-1: Foul Ball, location: 5F
0-2: Ball
1-2: Foul Ball, location: 7LDF
1-2: Ball
2-2: Foul Ball, location: 9LSF
2-2: SOLO HOME RUN (Flyball, 78XD, EV 105.6 MPH), Distance : 419 ft
Batting: RHB Colby Krant 0-0: Ball
1-0: Ball
2-0: Ball
3-0: Called Strike
3-1: Base on Balls
Batting: RHB Bill Carlisle 0-0: Ball
1-0: Ball
2-0: Foul Ball, location: 9LSF
2-1: Swinging Strike
2-2: Strikes out swinging
Batting: LHB R.J. Correll 0-0: Ball
1-0: Foul Ball, location: 9LDF
1-1: Ball
2-1: Foul Ball, location: 2F
2-2: Foul Ball, location: 3F
2-2: Foul Ball, location: 23FF
2-2: Foul Ball, location: 7LDF
2-2: Foul Ball, location: 7LSF
2-2: Fly out, F7 (Line Drive, 7LS, EV 90.0 MPH)
Lined into DP, 7-3 (Line Drive, 7LS, EV 90.0 MPH)
Bottom of the 5th over - 1 run, 1 hit, 0 errors, 0 left on base; Pittsburgh 0 - San Diego 2
TOP OF THE 6TH
Pittsburgh Pirates batting - Pitching for San Diego Padres : LHP Robert Bartos
Pitching: RHP George Hulings
Batting: RHB Randy Wilson 0-0: Swinging Strike
0-1: Foul Ball, location: 5F
0-2: Foul Ball, location: 2F
0-2: Ball
1-2: Ground out 6-3 (Groundball, 6M, EV 110.0 MPH)
Batting: RHB Zachary Gugliotta 0-0: Called Strike
0-1: Fly out, F8 (Flyball, 8RD, EV 103.1 MPH)
Batting: SHB Akira Nagata 0-0: Ball
1-0: Ball
2-0: DOUBLE (Flyball, 8LXD, EV 100.6 MPH)
Batting: RHB Joey Noles 0-0: Ball
1-0: Called Strike
1-1: Swinging Strike
1-2: Ball
2-2: Strikes out looking
Top of the 6th over - 0 runs, 1 hit, 0 errors, 1 left on base; Pittsburgh 0 - San Diego 2
BOTTOM OF THE 6TH
San Diego Padres batting - Pitching for Pittsburgh Pirates : LHP Mike Rutherford
Batting: RHB Alfredo Beltran 0-0: Called Strike
0-1: Swinging Strike
0-2: Ball
1-2: Strikes out swinging
Pitching: RHP Emilio Rios
Batting: RHB Jose Barillas 0-0: Foul Ball, location: 2F
0-1: Ball
1-1: Called Strike
1-2: Ball
2-2: Strikes out swinging
Batting: RHB Tony Merkin 0-0: Called Strike
0-1: Ball
1-1: SINGLE (Groundball, 15, EV 72.5 MPH) (infield hit)
Batting: RHB Chris Santos 0-0: Ball
1-0: Ball
2-0: Ball
3-0: Called Strike
3-1: Hit by Pitch
Tony Merkin to second
Batting: RHB Tony Woody 0-0: Ball
1-0: Ground out 4-3 (Groundball, 34, EV 105.6 MPH)
Bottom of the 6th over - 0 runs, 1 hit, 0 errors, 2 left on base; Pittsburgh 0 - San Diego 2
TOP OF THE 7TH
Pittsburgh Pirates batting - Pitching for San Diego Padres : RHP George Hulings
Pitching: RHP Dan Ketterer
Batting: RHB Raul Munoz 0-0: Called Strike
0-1: Swinging Strike
0-2: Strikes out looking
Batting: LHB Todd Schuller 0-0: Ball
1-0: Foul Ball, location: 3F
1-1: Ball
2-1: SINGLE (Line Drive, 9S, EV 104.4 MPH)
Batting: RHB Alex Velazquez 0-0: Called Strike
0-1: Ball
1-1: Grounds into double play, 5-4-3 (Groundball, 5, EV 99.4 MPH)
Top of the 7th over - 0 runs, 1 hit, 0 errors, 0 left on base; Pittsburgh 0 - San Diego 2
BOTTOM OF THE 7TH
San Diego Padres batting - Pitching for Pittsburgh Pirates : RHP Emilio Rios
Batting: RHB Anibal Araldes 0-0: Swinging Strike
0-1: Ball
1-1: DOUBLE (Groundball, 5L, EV 96.9 MPH)
Batting: RHB Colby Krant 0-0: Ball
Wild Pitch!
Anibal Araldes to third
1-0: SINGLE (Groundball, 34D, EV 98.8 MPH)
Anibal Araldes scores
Batting: RHB Bill Carlisle 0-0: Fly out, F8 (Line Drive, 8RM, EV 94.4 MPH)
Batting: LHB R.J. Correll 0-0: Fly out, F9 (Flyball, 9S, EV 89.4 MPH)
Batting: RHB Alfredo Beltran 0-0: Ball
1-0: Called Strike
1-1: Fly out, F3 (Popup, 3F, EV 61.3 MPH)
Bottom of the 7th over - 1 run, 2 hits, 0 errors, 1 left on base; Pittsburgh 0 - San Diego 3
TOP OF THE 8TH
Pittsburgh Pirates batting - Pitching for San Diego Padres : RHP Dan Ketterer
Batting: RHB Verner Johannsen 0-0: Called Strike
0-1: Swinging Strike
0-2: Strikes out swinging, 2-3 out at first.
Batting: RHB Jeremiah Coleman 0-0: Called Strike
0-1: Ground out 1-3 (Groundball, 13S, EV 67.5 MPH)
Batting: RHB Randy Wilson 0-0: Swinging Strike
0-1: Foul Ball, location: 2F
0-2: Strikes out looking
Top of the 8th over - 0 runs, 0 hits, 0 errors, 0 left on base; Pittsburgh 0 - San Diego 3
BOTTOM OF THE 8TH
San Diego Padres batting - Pitching for Pittsburgh Pirates : RHP Emilio Rios
Pitching: RHP Dana House
Batting: RHB Jose Barillas 0-0: Foul Ball, location: 2F
0-1: Swinging Strike
0-2: Ball
1-2: Ball
2-2: Strikes out swinging
Batting: RHB Tony Merkin 0-0: Ground out 6-3 (Groundball, 56D, EV 96.9 MPH)
Batting: RHB Chris Santos 0-0: Called Strike
0-1: Foul Ball, location: 2F
0-2: Ball
1-2: Ball
2-2: Fly out, F8 (Flyball, 8RM, EV 73.8 MPH)
Bottom of the 8th over - 0 runs, 0 hits, 0 errors, 0 left on base; Pittsburgh 0 - San Diego 3
TOP OF THE 9TH
Pittsburgh Pirates batting - Pitching for San Diego Padres : RHP Dan Ketterer
Pitching: LHP Juan Robles
Batting: RHB Zachary Gugliotta 0-0: SINGLE (Line Drive, 4MD, EV 101.9 MPH)
Batting: SHB Akira Nagata 0-0: Ball
1-0: Ball
2-0: Called Strike
2-1: Fielders Choice at 2nd, 3-6 (Groundball, 3, EV 90.6 MPH)
Batting: RHB Joey Noles 0-0: Called Strike
0-1: Ball
1-1: Ball
2-1: Ball
3-1: Base on Balls
Akira Nagata to second
Batting: RHB Raul Munoz 0-0: Foul Ball, location: 2F
0-1: Called Strike
0-2: Ball
1-2: Grounds into double play, 4-6-3 (Groundball, 4, EV 111.3 MPH)
Top of the 9th over - 0 runs, 1 hit, 0 errors, 1 left on base; Pittsburgh 0 - San Diego 3
Thursday, April 4th , 2024 - OOTP Baseball 24.11 Build 85